 Dungeon Crawl Stone Soup version 0.24-a0-530-g18ba70b503 (webtiles) character file.

Game seed: 16671399022635743934

57 DasRunzen the Skirmisher (level 3, -1/29 HPs)
             Began as a Demonspawn Fighter on Aug 9, 2019.
             Slain by Grinder (3 damage)
             ... on level 3 of the Dungeon.
             The game lasted 00:01:57 (1233 turns).

DasRunzen the Skirmisher (Demonspawn Fighter)       Turns: 1233, Time: 00:01:57

Health: -1/29      AC: 11    Str: 17    XL:     3   Next: 73%
Magic:  3/3        EV:  2    Int:  9    God:
Gold:   115        SH: 12    Dex: 12    Spells: 2/2 levels left

rFire    + . .     SeeInvis .   a - +0 war axe
rCold    x . .     Gourm    .   c - +1 shield
rNeg     . . .     Faith    .   i - +0 plate armour
rPois    .         Spirit   .   (helmet restricted)
rElec    .         Reflect  +   (no cloak)
rCorr    .         Harm     .   (no gloves)
MR       .....                  (no boots)
Stlth    ..........             e - +2 amulet of reflection
HPRegen  0.09/turn              h - ring of fire
MPRegen  0.08/turn              k - ring of wizardry

@: no status effects
A: antennae 2
a: no special abilities


You were on level 3 of the Dungeon.
You were not hungry.

You visited 1 branch of the dungeon, and saw 3 of its levels.

You collected 115 gold pieces.

Inventory:

Hand Weapons
 a - a +0 war axe (weapon)
Armour
 c - a +1 shield (worn)
 i - a +0 plate armour (worn)
Jewellery
 e - a +2 amulet of reflection (around neck)
 h - a ring of fire (left hand)
 k - a ring of wizardry (right hand)
 m - an uncursed ring of fire
Scrolls
 b - a scroll of remove curse
Potions
 d - a potion of might
 g - a potion of brilliance {unknown}
 j - a potion of invisibility {unknown}
Comestibles
 f - 8 rations


   Skills:
 + Level 3.4 Fighting
 + Level 2.3 Axes
 + Level 3.1 Armour
 + Level 3.2 Shields


You had 2 spell levels left.
You didn't know any spells.
Your spell library was empty.

Dungeon Overview and Level Annotations

Branches:
Dungeon (3/15)

Altars:

Annotations:
D:3 Grinder


Innate Abilities, Weirdness & Mutations

You have a pair of antennae on your head.


Message History

Grinder is severely wounded.
You hit the worm but do no damage. Grinder hits you.
You writhe in agony.
The worm bites you but does no damage. You block Grinder's attack.
Unknown command.
You hit Grinder.
Grinder is severely wounded.
You hit the worm. Grinder gestures at you. Pain shoots through your body!
* * * LOW HITPOINT WARNING * * *
You block the worm's attack.
You hit Grinder.
Grinder is almost dead.
You hit the worm. Grinder gestures at you. You resist with significant effort.
The worm bites you but does no damage. Grinder hits you.
* * * LOW HITPOINT WARNING * * *
You writhe in agony.
You die...

#... ##... #....
#....##########
#.............#
###.............##
......w.........<#
#.....5@........##
#.......##......#
#.......#########
#########


You could see Grinder and a worm.

Vanquished Creatures
  2 adders (D:2)
  A worm (D:3)
  A dart slug (D:2)
  A leopard gecko (D:1)
  2 giant cockroaches
  4 goblins
  3 hobgoblins (D:1)
  7 kobolds
  A quokka (D:2)
  4 frilled lizards
  6 rats
32 creatures vanquished.

Notes
Turn   | Place    | Note
-------+----------+-------------------------------------------
     0 | D:1      | DasRunzen the Demonspawn Fighter began the quest for the
                  | Orb.
     0 | D:1      | Reached XP level 1. HP: 18/18 MP: 1/1
   217 | D:1      | Gained mutation: You have a pair of small antennae on your
                  | head. [demonic ancestry]
   217 | D:1      | Reached XP level 2. HP: 16/24 MP: 2/2
   759 | D:2      | Gained mutation: You have a pair of antennae on your head.
                  | [demonic ancestry]
   759 | D:2      | Reached XP level 3. HP: 12/29 MP: 3/3
  1206 | D:3      | Noticed Grinder
  1213 | D:3      | Paralysed by Grinder for 2 turns
  1224 | D:3      | Paralysed by Grinder for 6 turns
  1233 | D:3      | Slain by Grinder

Levels and vault maps discovered:
D:1:      lemuel_arrival_behind_the_door_small, layout_loops_ring,
          minmay_tetromino_l2
D:2:      layout_rooms, chequers_serial_rivers_small_b
D:3:      minmay_door_path, layout_basic, palyth_stone_intersect, uniq_grinder

Skill      XL: |  1  2 |
---------------+-------+-----
Axes           | 2 |  2.3
Shields        | 3 |  3.2
Armour         | 3 |  3.1
Fighting       | |  3.4

Action                   || total
-------------------------++-------
Melee: War axe           ||   147
  Use: Scroll            ||     3
  Eat: Chunk             ||     1
Armor: Scale mail        ||    43
       Plate armour      ||    41
Dodge: Dodged            ||    29
Block: Shield            ||    86
       Reflection        ||     1

Table legend:
 A = Non-vault XP
 B = Vault XP
 C = Vault XP percentage of total XP
 D = Non-vault monster count
 E = Vault monster count
 F = Vault count percentage of total count
                 A         B        C        D         E       F
            +---------+---------+-------+---------+---------+-------
      Total |      77 |       5 |   6.1 |      30 |       2 |   6.2
            +---------+---------+-------+---------+---------+-------
        D:1 |      26 |       5 |  16.1 |      15 |       2 |  11.8
        D:2 |      46 |       0 |   0.0 |      14 |       0 |   0.0
        D:3 |       5 |       0 |   0.0 |       1 |       0 |   0.0
            +---------+---------+-------+---------+---------+-------
